Map: Abiogenesis LE

Players

Juxtapose - Winner!

  • Race: Terran Terran
  • League: Platinum
  • Spawn Location: 11:00

A.I. 1 (Hard)

  • Race: Terran Terran
  • Spawn Location: 5:00

VOD

https://youtu.be/JpSHxXaIr88

Description

With the last game's loss and the bug, I've now been dropped down to Hard, which is pretty nuts. If I'm not mistaken, it dropped me past Harder even, so with two losses I went from the max Elite Difficulty down three notches.

Nothing I can do about that though until the bug is fixed, so in this match, I play a bit more aggressively as I really want the win to see how much XP I'll get.

Time

  • Played on: Feb. 26, 2018, 7:46 p.m.
  • Length: 6:47
Show
View Real Time Build Order
Export as new Build Order

Juxtapose Terran - Winner!

Build Orders:  

Get SALT Encoding   

  12  0:01  SCV  
  13  0:13  SCV  
  14  0:21  Supply Depot  
  14  0:25  SCV  
  15  0:43  SCV  
  15  0:46  Barracks  
  15  0:49  Supply Depot  
  16  0:55  SCV  
  17  1:04  Refinery  
  17  1:07  SCV  
  18  1:15  Refinery  
  18  1:19  SCV  
  19  1:34  Marine  
  19  1:35  Orbital Command  
  20  1:50  Barracks  
  20  1:53  Engineering Bay  
  20  2:01  Barracks Reactor  
  20  2:07  SCV, Supply Depot  
  20  2:21  SCV  
  21  2:25  Terran Infantry Weapons Level 1  
  21  2:33  SCV  
  22  2:37  Marine  
  22  2:38  Marine, Barracks Tech Lab  
  24  2:44  Factory  
  24  2:47  SCV  
  25  2:57  Marine x2  
  25  2:58  Supply Depot  
  27  3:03  Stimpack  
  27  3:12  Marauder  
  29  3:18  Marine x2  
  31  3:29  Factory Tech Lab  
  31  3:34  Marauder  
  33  3:37  Marine x2  
  35  3:50  Siege Tank  
  38  3:57  Marine x2  
  38  3:58  Marauder  
  42  4:14  Command Center  
  42  4:17  Marine x2  
  44  4:32  Marine  
  45  4:39  Marine x2  
  45  4:43  Terran Infantry Armor Level 1  
  46  5:07  Marauder  
  46  5:15  Marine x2  
  47  5:26  Siege Tank  
  50  5:29  Marauder  
  50  5:35  Marine x2  
  54  5:45  Starport  
  54  5:50  Marauder  
  54  5:53  Marine x2  
  58  6:11  Marauder  
  60  6:19  Orbital Command  
  60  6:22  SCV  
  61  6:26  Starport Reactor  
  61  6:28  Marine  
Show
View Real Time Build Order
Export as new Build Order

A.I. 1 (Hard) Terran 

Build Orders:  

Get SALT Encoding   

  12  0:00  SCV  
  13  0:13  SCV  
  14  0:18  Supply Depot  
  14  0:25  SCV  
  15  0:40  SCV  
  16  0:44  Barracks  
  16  0:51  Refinery  
  16  0:52  SCV  
  17  1:04  SCV  
  18  1:16  SCV  
  19  1:20  Supply Depot  
  19  1:31  SCV, Marine  
  21  1:48  Marine  
  22  1:56  Factory, Orbital Command  
  22  1:58  Supply Depot  
  22  2:06  Marine  
  23  2:21  SCV  
  24  2:24  Marine  
  24  2:29  Refinery  
  25  2:33  SCV  
  26  2:38  Supply Depot  
  26  2:39  Hellion  
  26  2:43  Barracks Tech Lab  
  28  2:45  SCV  
  29  2:52  Engineering Bay  
  29  2:57  SCV  
  30  3:01  Marine, Hellion  
  33  3:09  SCV  
  34  3:19  Marine  
  35  3:21  SCV  
  36  3:37  Marine  
  37  3:59  Marauder  
  37  4:00  Barracks  
  39  4:03  Factory, Factory Tech Lab  
  39  4:05  Supply Depot  
  39  4:16  Terran Infantry Weapons Level 1  
  39  4:20  Marauder  
  41  4:41  Reaper  
  41  4:42  Missile Turret  
  42  4:46  Marine, Factory Tech Lab  
  42  4:49  Missile Turret  
  42  4:52  Supply Depot  
  43  5:04  Barracks Tech Lab  
  43  5:06  Hellion  
  43  5:13  Marine  
  30  5:23  Combat Shields  
  30  5:25  Marine  
  30  5:28  Hellion  
  33  5:33  SCV  
  18  5:45  SCV  
  13  5:51  Marauder  
  8  5:57  SCV  
  7  6:09  SCV  
  5  6:12  Marine  
Tags
 
League
Platinum
Matchup
TvT
Race
Terran
Spawn Locations
Cross Positions
Add a new tag
Caveats
  • Supply blocks, unpowered buildings, or Contaminate may cause inaccurate times.
  • Supply counts are checked every 10 seconds.